 Dungeon Crawl Stone Soup version 0.17.0-18-gaab0e96 (webtiles) character file.

84 4thArraOfDagon the Insei (level 4, -1/24 HPs)
             Began as a Vine Stalker Monk on Nov 11, 2015.
             Slain by an iguana (7 damage)
             ... on level 6 of the Dungeon.
             The game lasted 00:03:18 (694 turns).

4thArraOfDagon the Insei (Vine Stalker Monk)         Turns: 694, Time: 00:03:18

Health: -1/24      AC:  8    Str: 14    XL:     4   Next: 46%
Magic:  0/5        EV:  7    Int: 10    God:
Gold:   67         SH:  0    Dex: 17    Spells: 0 memorised, 3 levels left

rFire  . . .     SeeInvis .       - Unarmed
rCold  . . .     Clarity  .     l - +0 chain mail
rNeg   . . .     SustAt   .     (no shield)
rPois  .         Gourm    .     (no helmet)
rElec  .         Spirit   +     (no cloak)
rCorr  .         Warding  .     (no gloves)
rMut   .         Stasis   .     (no boots)
MR     .....                    (no amulet)
Stlth  ..........               (no ring)
                                c - ring of flight

@: not resistant to hostile enchantments, extremely unstealthy
A: fangs 2, regeneration 1, magic shield, antimagic bite, no device heal 3, rot
immunity
a: Evoke Flight


You were on level 6 of the Dungeon.
You were not hungry.

You visited 1 branch of the dungeon, and saw 7 of its levels.

You collected 67 gold pieces.

Inventory:

Armour
 l - a +0 chain mail (worn)
Jewellery
 c - a ring of flight (left hand)
Scrolls
 d - a scroll of remove curse {unknown}
 e - a scroll of teleportation {unknown}
 f - 3 scrolls of identify {unknown}
 g - a scroll of recharging {unknown}
 i - a scroll of blinking {unknown}
 j - a scroll of fog {unknown}
Comestibles
 b - a bread ration
 k - a beef jerky


   Skills:
 + Level 3.1 Fighting
 + Level 3.0 Dodging
 - Level 2.4 Stealth
 * Level 5.0 Unarmed Combat


You had 3 spell levels left.
You didn't know any spells.

Dungeon Overview and Level Annotations

Branches:
Dungeon (7/15)
 Temple: D:4-7

Altars:
Dithmenos
Qazlal


Innate Abilities, Weirdness & Mutations

You have extremely sharp teeth.
Your natural rate of healing is unusually fast.
When hurt, damage is shared between your health and your magic reserves.
Your bite disrupts and absorbs the magic of your enemies.
Potions and wands cannot restore your health.
You are immune to rotting.


Message History

You barely miss the iguana.
The iguana is moderately wounded.
The iguana bites you.
You closely miss the iguana.
The iguana is moderately wounded.
The iguana bites you!
* * * LOW HITPOINT WARNING * * *
You are too injured to fight recklessly!
You are too injured to fight recklessly!
You are too injured to fight recklessly!
You aren't carrying any potions.
You hit the iguana. You bite the iguana. You drain its power.
You feel invigorated.
The iguana is severely wounded.
The iguana bites you.
* * * LOW HITPOINT WARNING * * *
You closely miss the iguana. You bite the iguana, but do no damage.
The iguana is severely wounded.
The iguana bites you!
You die...

#.# ####### #..# #.#
.......##.# #.#. #.
..%.... #.###.#.##
....... #..##.#...
..%.... ##.##.#..##
....... #.##.#...#
....... #..#.#...#
.......####.#.##..#
.......'5l@......<#
.......#####..#######
.....................
........####...###.##
...............#..
....###....##..#.#
.... #.... #..#.# ...
#......#.#.#
#....#.#...#


You could see an iguana and a shadow imp.

Vanquished Creatures
  A hound (D:6)
  A worker ant (D:5)
  2 shadow imps (D:5)
  An ooze (D:7)
  An orc (D:3)
  A hobgoblin (D:1)
  A quokka (D:5)
  3 bats
  A giant gecko skeleton (D:3)
  2 giant newts
  A kobold (D:1)
15 creatures vanquished.

Vanquished Creatures (others)
  A giant gecko (D:4)
  An orc (D:4)
2 creatures vanquished.

Grand Total: 17 creatures vanquished

Notes
Turn   | Place    | Note
--------------------------------------------------------------
     0 | D:1      | 4thArraOfDagon the Vine Stalker Monk began the quest for the Orb.
     0 | D:1      | Reached XP level 1. HP: 11/11 MP: 2/2
   205 | D:3      | Reached XP level 2. HP: 16/16 MP: 3/3
   230 | D:4      | Noticed a phantom
   238 | D:5      | Entered Level 5 of the Dungeon
   294 | D:5      | Found a shadowy altar of Dithmenos.
   309 | D:5      | Reached XP level 3. HP: 14/19 MP: 2/4
   404 | D:5      | Found a stormy altar of Qazlal.
   644 | D:6      | Reached skill level 5 in Unarmed Combat
   644 | D:6      | Reached XP level 4. HP: 9/24 MP: 2/5
   694 | D:6      | Slain by an iguana

Action                   |  1- 3 |  4- 6 || total
-------------------------+-------+-------++-------
Melee: Unarmed           |    57 |     8 ||    65
 Stab: Sleeping          |     2 |       ||     2
